 Dungeon Crawl Stone Soup version 0.22.1-2-g9c5b331383 (webtiles) character file.

107 Marnok the Vandal (level 5, -5/34 HPs)
             Began as a Halfling Hunter on Nov 22, 2018.
             Slain by a worm (9 damage)
             ... in a sewer.
             The game lasted 00:09:45 (775 turns).

Marnok the Vandal (Halfling Hunter)                  Turns: 775, Time: 00:09:45

Health: -5/34      AC:  3    Str: 12 (13) XL:     5   Next: 10%
Magic:  5/5        EV: 15    Int:  7 (9)  God:
Gold:   88         SH:  0    Dex: 16      Spells: 4/4 levels left

rFire    . . .     SeeInvis .   r - +3 quarterstaff
rCold    . . .     Gourm    .   (shield currently unavailable)
rNeg     . . .     Faith    .   c - +0 leather armour
rPois    .         Spirit   .   (no helmet)
rElec    .         Reflect  .   (no cloak)
rCorr    .         Harm     .   (no gloves)
MR       .....                  (no boots)
Stlth    +.........             (no amulet)
HPRegen  0.11/turn              (no ring)
MPRegen  0.09/turn              (no ring)

@: lethally poisoned (-5 -> -11), very slightly contaminated, hasted, invisible,
slow
A: small, mutation resistance 1
a: no special abilities


You were in a sewer.
You were not hungry.

You visited 1 branch of the dungeon, and saw 5 of its levels.
You also visited: Sewer.

You collected 88 gold pieces.

Inventory:

Hand Weapons
 a - a +1 hunting sling
 b - a +0 short sword
 h - a +0 hand axe
 n - a +0 hunting sling
 r - a +3 quarterstaff (weapon)
 t - a +1 mace of protection
Missiles
 d - 46 sling bullets
 e - 59 stones (quivered)
 g - 41 arrows
Armour
 c - a +0 leather armour (worn)
 j - a +0 robe
 p - a +0 robe
 q - a +0 pair of boots
Scrolls
 i - 2 scrolls of identify {unknown}
 o - 2 scrolls of remove curse
Potions
 l - a potion of degeneration
Comestibles
 f - 3 rations


   Skills:
 + Level 2.2 Fighting
 + Level 0.6 Staves
 + Level 7.9 Slings
 + Level 0.3 Armour
 + Level 2.5 Dodging
 + Level 1.2 Stealth


You had 4 spell levels left.
You didn't know any spells.
Your spell library was empty.

Dungeon Overview and Level Annotations

Branches:
Dungeon (5/15)
 Temple: D:4-7

Altars:


Innate Abilities, Weirdness & Mutations

You are small and have problems with some larger weapons.
You are somewhat resistant to further mutation.


Message History

The adder poisons you! The adder closely misses you.
Your unstable footing causes you to fumble your attack.
You feel sick. The adder misses you. The worm barely misses you.
Your unstable footing causes you to fumble your attack.
You feel sick. The adder completely misses you. The adder barely misses you.
The worm bites you!
* * * LOW HITPOINT WARNING * * *
It was a potion of invisibility.
You fade into invisibility!
You feel sick. The adder barely misses you.
You are very lightly contaminated with residual magic.
It was a potion of haste.
You feel yourself speed up.
You feel sick. The adder bites you.
* * * LOW HITPOINT WARNING * * *
The worm misses you.
Okay, then.
As you read the scroll labeled LOTOCEO VOUL, it crumbles to dust.
It is a scroll of amnesia.
You feel forgetful for a moment. The adder misses you. The worm bites you!
You die...

(. (r #≈ #≈ #≈
##≈## # ##≈≈≈##
..#
###≈≈≈∩≈####.≈...
≈≈≈≈≈.∩≈.S@wS.≈.≈.
####≈...≈####...≈.
##.≈.## ..# ##≈##
# #≈ #≈ #≈


You could see a worm and 2 adders.

Vanquished Creatures
  An orc priest (D:3)
  An orc wizard (D:3)
  2 adders (D:3)
  2 dart slugs (D:3)
  A leopard gecko (D:1)
  3 orcs (D:3)
  A ball python (D:3)
  6 bats
  2 giant cockroaches (D:3)
  A goblin (D:2)
  A hobgoblin (D:2)
  A quokka (D:3)
  A frilled lizard (D:1)
  4 rats
27 creatures vanquished.

Notes
Turn   | Place    | Note
-------+----------+-------------------------------------------
     0 | D:1      | Marnok the Halfling Hunter began the quest for the Orb.
     0 | D:1      | Reached XP level 1. HP: 14/14 MP: 1/1
    18 | D:1      | Reached skill level 6 in Slings
   103 | D:1      | Reached XP level 2. HP: 19/19 MP: 2/2
   454 | D:3      | Reached XP level 3. HP: 17/24 MP: 3/3
   474 | D:3      | Reached skill level 7 in Slings
   609 | D:3      | Reached XP level 4. HP: 19/29 MP: 4/4
   691 | D:3      | Reached XP level 5. HP: 28/34 MP: 5/5
   711 | D:5      | Entered Level 5 of the Dungeon
   742 | D:3      | Found a glowing drain.
   756 | Sewer    | Entered a sewer
   775 | Sewer    | Slain by a worm

Skill      XL: |  1  2  3 |
---------------+----------+-----
Slings         | 6 7 |  7.9
Fighting       | 2 |  2.2
Staves         | |  0.6
Armour         | |  0.3
Dodging        | |  2.5
Stealth        | |  1.2

Action                   |  1- 3 |  4- 6 || total
-------------------------+-------+-------++-------
Melee: Quarterstaff      |    10 |    15 ||    25
 Fire: Hunting sling     |    32 |    11 ||    43
Throw: Stone             |     6 |       ||     6
  Use: Potion            |     3 |     2 ||     5
       Scroll            |     2 |     1 ||     3
Dodge: Dodged            |    12 |    23 ||    35
